AoeStats
← So sad

Nomad

509162033Analyzed
3v3 RM · 5d ago on Sep 25, 2026· 51m 57s· 6 players
Game mode
Random Map
Map size
210×210
Population
200
Speed
Normal
Resources
Standard
Victory
Conquest
Starting age
Dark Age
Ending age
Imperial Age
RankedLock teamsTeams togetherTeam positionsShared explorationLock speedFull tech treeHidden civsTurbo modeCheats
Victory
Defeat
🇮🇳 Koreans · India
1398
+15
🇮🇳 Huns · India
1397
+15
🇮🇳 Byzantines · India
1389
+15
🇺🇦 Slavs · Ukraine
1382
-15
🇧🇾 Danes · Belarus
1378
-15
🇧🇾 Khitans · Belarus
1371
-15
So sad
5:40 Loom
14:03 Feudal Age
20:16 Castle Age
18:12 Fishing Lines
18:50 Double-Bit Axe
20:38 Forging
20:34 Town Watch
21:19 Scale Barding Armor
21:32 Husbandry
21:05 Light Cavalry
26:34 Elite Skirmisher
30:06 Fletching
30:16 Padded Archer Armor
32:39 Gold Mining
32:39 Stone Mining
33:40 Stone Mining
36:04 Wheelbarrow
36:57 Padded Archer Armor
39:25 Stone Shaft Mining
39:31 Treadmill Crane
40:01 Masonry
42:45 Imperial Age
44:14 Leather Archer Armor
45:28 Bodkin Arrow
46:52 Bow Saw
46:28 Heavy Camel Rider
48:04 Ring Archer Armor
47:35 Bracer
51:19 Conscription
51:27 Chain Barding Armor
51:43 Iron Casting
NiL
4:41 Loom
12:53 Feudal Age
13:22 Man-at-Arms
19:31 Castle Age
18:16 Fishing Lines
18:44 Double-Bit Axe
18:41 Horse Collar
21:06 Fletching
23:35 Forging
24:19 Medium Warships
27:28 Wheelbarrow
28:18 Bodkin Arrow
29:15 Bow Saw
30:00 Hand Cart
29:51 Town Watch
30:23 Heavy Plow
31:51 Gillnets
35:02 Imperial Age
33:06 Scale Barding Armor
34:30 Scale Mail Armor
34:50 Chain Barding Armor
35:06 Iron Casting
34:32 Padded Archer Armor
36:09 Chain Mail Armor
37:01 Conscription
36:54 Siege Engineers
38:03 Chemistry
37:15 Masonry
36:47 Elite Skirmisher
38:15 Detinets
37:43 Light Cavalry
38:34 Bloodlines
38:24 Husbandry
39:44 Plate Barding Armor
39:26 Leather Archer Armor
39:54 Ballistics
40:38 Pikeman
41:19 Squires
41:40 Chain Mail Armor
41:55 Ring Archer Armor
41:34 Halberdier
43:32 Blast Furnace
42:26 Stone Mining
42:26 Gold Mining
42:14 Hussar
46:07 Hoardings
46:40 Murder Holes
51:02 Plate Mail Armor
HURMA
12:35 Feudal Age
13:13 Fishing Lines
14:35 Loom
17:17 Castle Age
15:39 Forging
15:48 Town Watch
16:48 Scale Mail Armor
16:53 Double-Bit Axe
18:40 Chain Mail Armor
18:22 Gold Mining
20:42 Iron Casting
21:23 Arson
23:20 Wheelbarrow
23:19 Fletching
23:41 Bow Saw
24:45 Bodkin Arrow
27:44 Medium Warships
28:06 Gillnets
29:36 Horse Collar
31:03 Sanctity
31:45 Hand Cart
31:14 Hamask
31:58 Squires
31:45 Gambesons
34:58 Ballistics
35:37 Gold Shaft Mining
36:04 Padded Archer Armor
38:42 Imperial Age
36:46 Masonry
36:54 Stone Mining
38:04 Heavy Plow
38:47 Onager
39:02 Northmen's Fury
40:10 Conscription
41:28 Chemistry
39:54 Elite Varangian Guard
43:05 Hoardings
43:18 Plate Mail Armor
47:15 Bracer
50:42 Blast Furnace
49:58 Leather Archer Armor
50:53 Siege Engineers
Luffy
8:52 Loom
13:35 Feudal Age
18:43 Castle Age
16:33 Double-Bit Axe
18:42 Gold Mining
18:53 Fletching
20:28 Bodkin Arrow
23:30 Horse Collar
30:59 Bow Saw
35:01 Imperial Age
33:19 Wheelbarrow
33:12 Heavy Plow
34:35 Stone Mining
35:21 Gold Shaft Mining
35:12 Ballistics
36:02 Bracer
38:47 Chemistry
38:26 Husbandry
39:22 Thumb Ring
40:57 Elite War Wagon
43:40 Siege Engineers
46:52 Heavy Rocket Cart
50:46 Shinkichon
Hunt
7:45 Loom
12:29 Feudal Age
16:38 Castle Age
15:19 Fletching
17:15 Bodkin Arrow
17:23 Double-Bit Axe
18:25 Bow Saw
21:39 Gold Mining
24:14 Horse Collar
25:01 Husbandry
26:07 Wheelbarrow
27:45 Bloodlines
27:52 Hand Cart
27:29 Town Watch
28:38 Stone Mining
30:32 Heavy Plow
31:10 Gold Shaft Mining
35:40 Imperial Age
33:52 Thumb Ring
33:49 Padded Archer Armor
33:12 Light Cavalry
34:59 Ballistics
35:16 Leather Archer Armor
35:36 Masonry
35:45 Heavy Cavalry Archer
36:51 Parthian Tactics
36:28 Bracer
37:55 Two-Man Saw
38:05 Chemistry
37:23 Scale Barding Armor
37:40 Cavalier
40:45 Chain Barding Armor
42:14 Plate Barding Armor
41:39 Paladin
42:44 Forging
45:57 Iron Casting
49:09 Blast Furnace
Smiley
5:47 Loom
13:13 Feudal Age
13:43 Double-Bit Axe
22:08 Castle Age
20:47 Fletching
25:40 Bodkin Arrow
36:40 Scale Mail Armor
37:02 Scale Barding Armor
37:13 Forging
40:14 Chain Barding Armor
42:46 Iron Casting
42:57 Bow Saw
45:04 Horse Collar
46:00 Gold Mining
48:29 Wheelbarrow
50:47 Imperial Age
48:35 Heavy Plow
49:13 Gold Shaft Mining
48:28 Stone Mining
49:48 Padded Archer Armor
50:54 Elite Cataphract
52:52 Plate Barding Armor
Connection lost

Rejoining the realm…

Still unreachable

The connection could not be restored.

Session expired

The server has moved on; the page needs a fresh start.